 Dungeon Crawl Stone Soup version 0.23.2 (webtiles) character file.

Game seed: 2188315695395048406

21161 Gargoyl the Cleaver (level 12, -2/100 HPs)
             Began as a Centaur Abyssal Knight on Apr 6, 2019.
             Was a High Priest of Lugonu.
             Slain by a five-headed hydra (4 damage)
             ... while petrified by a basilisk
             ... on level 2 of the Lair of Beasts.
             The game lasted 00:31:39 (21054 turns).

Gargoyl the Cleaver (Centaur Abyssal Knight)       Turns: 21054, Time: 00:31:40

Health: -2/100     AC: 19    Str: 18    XL:     12   Next: 51%
Magic:  18/18      EV:  1    Int: 11    God:    Lugonu [*****.]
Gold:   868        SH:  0    Dex: 15    Spells: 11/11 levels left

rFire    + . .     SeeInvis .   o - +2 war axe (venom)
rCold    + . .     Gourm    .   h - +0 shield
rNeg     + + +     Faith    .   e - +3 plate armour {rF+}
rPois    ∞         Spirit   .   (no helmet)
rElec    .         Reflect  .   v - +0 cloak
rCorr    .         Harm     .   p - +2 pair of gloves
MR       .....                  (no barding)
Stlth    ..........             f - amulet of the acrobat
HPRegen  0.26/turn              n - +4 ring of dexterity
MPRegen  0.16/turn              z - ring of protection from cold

@: petrified, very slightly contaminated, very quick
A: large, hooves 3, deformed body, speed 2, tough skin 3
a: Depart the Abyss, Bend Space, Banish, Corrupt, Enter the Abyss, Renounce
Religion


You were on level 2 of the Lair of Beasts.
You worshipped Lugonu.
Lugonu was extremely pleased with you.
You were hungry.

You visited 2 branches of the dungeon, and saw 13 of its levels.
You visited the Abyss 1 time.
You also visited: Ossuary.

You collected 868 gold pieces.

Inventory:

Hand Weapons
 a - a +1 hand axe
 m - a +0 war axe
 o - a +2 war axe of venom (weapon)
Missiles
 q - 15 tomahawks (quivered)
Armour
 e - a +3 plate armour of fire resistance (worn)
 h - a +0 shield (worn)
 p - a +2 pair of gloves (worn)
 v - a +0 cloak (worn)
Jewellery
 f - an amulet of the acrobat (around neck)
 n - a +4 ring of dexterity (left hand)
 z - a ring of protection from cold (right hand)
 B - an uncursed ring of protection from fire
 L - an uncursed ring of flight
Wands
 j - a wand of random effects (41)
 l - a wand of scattershot (4)
 x - a wand of flame (34)
 y - a wand of enslavement (7)
 C - a wand of polymorph (22)
 E - a wand of clouds (4)
 H - a wand of disintegration (14)
 I - a wand of iceblast (10)
Scrolls
 b - 14 scrolls of teleportation
 d - 5 scrolls of identify
 g - a scroll of blinking
 u - 2 scrolls of amnesia
 w - 4 scrolls of remove curse
 A - 2 scrolls of fog
Potions
 i - a potion of heal wounds
 r - 2 potions of flight
 s - a potion of brilliance
 t - 3 potions of agility
 D - 2 potions of resistance
 G - a potion of ambrosia
 J - a potion of curing
 M - a potion of might
Miscellaneous
 F - a lightning rod (4/4)
Comestibles
 c - 19 rations
 k - 3 chunks of flesh


   Skills:
 + Level 7.1 Fighting
 + Level 9.7 Axes
 + Level 1.4 Throwing
 * Level 8.8 Armour
 * Level 6.3 Dodging
 + Level 4.4 Shields
 * Level 9.2 Invocations


You had 11 spell levels left.
You didn't know any spells.
Your spell library contained the following spells:

 Spells                   Type           Power        Failure   Level  Hunger
 Animate Skeleton         Necr           N/A          100%        1    ##.....
 Apportation              Tloc           #.....       100%        1    ##.....
 Confusing Touch          Hex            #.....       100%        1    ##.....
 Magic Dart               Conj           #...         100%        1    ##.....
 Summon Small Mammal      Summ           #...         100%        1    ##.....
 Blink                    Tloc           N/A          100%        2    ###....
 Call Imp                 Summ           #.......     100%        2    ###....
 Poisonous Vapours        Pois/Air       #.....       100%        2    ###....
 Slow                     Hex            #.......     100%        2    ###....
 Confuse                  Hex            #.......     100%        3    ####...
 Conjure Flame            Conj/Fire      #.......     100%        3    ####...
 Gell's Gravitas          Tloc           #.........   100%        3    ####...
 Mephitic Cloud           Conj/Pois/Air  #.......     100%        3    ####...
 Petrify                  Tmut/Erth      #.......     100%        4    #####..
 Metabolic Englaciation   Hex/Ice        #.........   100%        5    ######.
 Yara's Violent Unravell  Hex/Tmut       #.........   100%        5    ######.
 Freezing Cloud           Conj/Ice/Air   #.........   100%        6    #######
 Ring of Flames           Chrm/Fire      #.........   100%        7    #######


Dungeon Overview and Level Annotations

Branches:
Dungeon (11/15)            Temple (0/1) D:5            Lair (2/6) D:11
    Orc (0/2) D:10
  Swamp: Lair:2-4    Shoals: Lair:2-4     Snake: Lair:2-4    Spider: Lair:2-4

Altars:
Ashenzari
Elyvilon
Gozag
Hepliaklqana
Makhleb
Nemelex Xobeh
Sif Muna
Trog
Xom
Zin
The Shining One

Shops:
D:10 !

Annotations:
D:7 1 runed translucent door, chimenez's ghost, novice TrTm
Abyss:1 tennessine's ghost, journeyman HaAs


Innate Abilities, Weirdness & Mutations

You have hooves in place of feet.
Armour fits poorly on your strangely shaped body.
You cover ground very quickly.
You have extremely tough skin. (AC +3)


Message History

The five-headed hydra bites you.
* * * LOW HITPOINT WARNING * * *
The crocodile bites you!
* * * LOW HITPOINT WARNING * * *
The five-headed hydra bites you but does no damage.
The five-headed hydra bites you.
The five-headed hydra bites you but does no damage. x3
The crocodile bites you but does no damage.
The five-headed hydra barely misses you.
The five-headed hydra bites you but does no damage.
The five-headed hydra barely misses you.
The five-headed hydra bites you.
* * * LOW HITPOINT WARNING * * *
The five-headed hydra bites you.
* * * LOW HITPOINT WARNING * * *
The crocodile bites you!
* * * LOW HITPOINT WARNING * * *
The five-headed hydra bites you but does no damage. x3
The five-headed hydra bites you!
You die...

#P......#...###
##.....##.l.##
#.....##.....#
##.##.##.....#
#..##.P#.....# ###
##.....P#.....# #.##
#....#........####..##
##....t.........##....
#.#.@D.........#.....
###..l....#.......#..
#......#.##...###..
#......##..#.##.#..
#.........[..#..#..
####........##.###.
#P..P....##..# #.
##...##...##÷†# #.
###P..P.....##.####.


You could see a five-headed hydra, a basilisk and a crocodile.

Vanquished Creatures
  The ghost of chimenez the Grappler, a journeyman TrBe of Trog (D:11)
  The ghost of strelocc the Spear-Bearer, a journeyman FoBe of Trog (D:10)
  The ghost of guttsta the Slicer, a journeyman VSAs of Uskayaw (D:10)
  2 unseen horrors
  A cyclops (D:8)
  A manticore (D:11)
  An ugly thing (D:11)
  A black mamba (D:11)
  Joseph (D:7)
  4 spiny frogs
  A rime drake (shapeshifter) (D:9)
  3 komodo dragons
  A rime drake (Lair:1)
  A hornet (D:9)
  A hippogriff (D:9)
  A wraith (D:9)
  6 yaks
  A steam dragon (D:11)
  4 wyverns
  An acid dragon (D:11)
  6 porcupines (Lair:1)
  8 water moccasins
  A hornet zombie (D:10)
  10 orc warriors
  2 black bears (D:8)
  5 sky beasts
  3 ice beasts
  3 ogres
  4 phantoms
  10 wolves
  8 centaurs
  9 crocodiles
  5 bullfrogs
  Blork the orc (D:6)
  A gnoll sergeant (D:8)
  2 wyvern zombies
  5 scorpions
  A water moccasin skeleton (D:7)
  4 killer bees
  7 wights
  2 electric eels (D:10)
  A howler monkey (D:7)
  4 crimson imps
  3 centaur zombies
  A human zombie (Ossuary)
  A quasit (D:9)
  8 orc priests
  10 hounds
  6 jellies
  16 orc wizards
  3 bullfrog skeletons
  A centaur skeleton (D:7)
  Ijyb (D:3)
  An iguana (D:9)
  10 worker ants
  2 mummies (Ossuary)
  2 worker ant zombies
  A gnoll (D:8)
  10 adders
  A shadow imp (D:8)
  A white imp (Abyss:1)
  A worker ant simulacrum (D:9)
  7 oozes
  2 adder zombies
  An adder skeleton (D:4)
  2 worms
  5 dart slugs
  3 leopard geckos
  41 orcs
  8 giant cockroaches
  4 goblins
  8 hobgoblins
  17 jackals
  4 kobolds
  5 quokkas
  2 ball pythons
  3 bats
  7 frilled lizards
  A giant cockroach zombie (D:5)
  A goblin zombie (Ossuary)
  10 hobgoblin zombies (Ossuary)
  3 jackal zombies
  5 kobold zombies (Ossuary)
  A leopard gecko zombie (D:6)
  12 orc zombies (Ossuary)
  2 quokka skeletons
  4 quokka zombies
  A rat (D:3)
  4 rat zombies (Ossuary)
378 creatures vanquished.

Vanquished Creatures (collateral kills)
  2 hounds (D:6)
2 creatures vanquished.

Vanquished Creatures (others)
  The ghost of Tartanist the Severer, a journeyman HOFi of Beogh (D:10)
  A deep troll (D:9)
  2 oklob plants (Lair:1)
  A wolf spider (D:9)
  4 fungi (Lair:2)
  5 plants
14 creatures vanquished.

Grand Total: 394 creatures vanquished

Notes
Turn   | Place    | Note
-------+----------+-------------------------------------------
     0 | Abyss:1  | Gargoyl the Centaur Abyssal Knight began the quest for the
                  | Orb.
     0 | Abyss:1  | Reached XP level 1. HP: 19/19 MP: 2/2
   154 | Abyss:1  | Noticed a rust devil
   240 | Abyss:2  | Noticed a revenant
   262 | D:1      | Escaped the Abyss
   475 | D:1      | Reached XP level 2. HP: 25/26 MP: 3/3
   493 | D:1      | Reached * piety under Lugonu
  1183 | D:1      | Reached XP level 3. HP: 30/31 MP: 4/4
  1355 | D:2      | Found a bloodstained altar of Trog.
  1466 | D:2      | Reached skill level 1 in Dodging
  1695 | D:2      | Found a burning altar of Makhleb.
  1704 | D:2      | Reached XP level 4. HP: 27/39 MP: 5/5
  2012 | D:3      | Noticed Ijyb
  2032 | D:3      | Killed Ijyb
  2598 | D:3      | Reached XP level 5. HP: 23/46 MP: 6/6
  2825 | D:3      | Reached ** piety under Lugonu
  3062 | D:3      | Found a white marble altar of Elyvilon.
  3196 | D:4      | Reached skill level 1 in Shields
  3278 | D:4      | Noticed an orc warrior
  4307 | D:4      | Reached XP level 6. HP: 47/52 MP: 8/8
  4356 | D:4      | Found a shattered altar of Ashenzari.
  4693 | D:4      | Reached XP level 7. HP: 50/59 MP: 9/9
  4767 | D:4      | Found a sparkling altar of Nemelex Xobeh.
  5057 | D:5      | Entered Level 5 of the Dungeon
  5345 | D:5      | Reached *** piety under Lugonu
  5371 | D:5      | Found a staircase to the Ecumenical Temple.
  5419 | D:5      | Reached XP level 8. HP: 60/66 MP: 11/11
  5530 | D:5      | Found an opulent altar of Gozag.
  5829 | D:5      | Found a transporter.
  5838 | D:5      | Found a hazy altar of Hepliaklqana.
  5838 | D:5      | Found a transporter.
  6462 | D:6      | Noticed Blork the orc
  6475 | D:6      | Killed Blork the orc
  6559 | D:6      | Reached skill level 5 in Axes
  6703 | D:6      | Found a glowing silver altar of Zin.
  7368 | D:6      | Reached skill level 5 in Armour
  7419 | D:6      | Found a deep blue altar of Sif Muna.
  7426 | D:6      | Reached XP level 9. HP: 72/72 MP: 12/12
  7435 | D:6      | Reached **** piety under Lugonu
  7435 | D:6      | Reached skill level 5 in Invocations
  7566 | D:7      | Found a runed translucent door.
  7566 | D:7      | Found a shimmering altar of Xom.
  7566 | D:7      | Noticed chimenez's ghost (novice TrTm)
  7566 | D:7      | Noticed a +2 spear of chaos
  7648 | D:7      | Noticed Joseph
  7659 | D:7      | Killed Joseph
  8605 | D:7      | Reached skill level 5 in Fighting
  9074 | D:8      | Found a sand-covered staircase.
  9083 | Ossuary  | Entered an ossuary
  9213 | Ossuary  | Reached ***** piety under Lugonu
  9910 | D:8      | Noticed a cyclops
  9918 | D:8      | Killed a cyclops
  9918 | D:8      | Reached XP level 10. HP: 63/81 MP: 14/14
  9924 | D:8      | Got faintly humming quicksilver dragon scales
  9935 | D:8      | Identified the cursed quicksilver dragon scales of
                  | Pessimism {rC+ MR+ Int+3 Dex+4} (You found it on level 8 of
                  | the Dungeon)
 11580 | D:9      | Noticed a deep troll
 11604 | D:9      | Banished a deep troll
 12087 | D:9      | Noticed a wolf spider
 12099 | D:9      | Banished a wolf spider
 12547 | D:10     | Entered Level 10 of the Dungeon
 12548 | D:10     | Found Wameimorph's Distillery.
 13696 | D:10     | Killed an unseen horror
 13696 | D:10     | Reached skill level 5 in Dodging
 13696 | D:10     | Reached XP level 11. HP: 53/89 MP: 16/16
 14465 | D:10     | Found a staircase to the Orcish Mines.
 14948 | D:11     | Found a runed translucent gate.
 14948 | D:11     | Found a runed translucent gate.
 14949 | D:11     | Found a runed translucent gate.
 15083 | D:11     | Reached skill level 1 in Throwing
 15497 | D:11     | Found a glowing golden altar of the Shining One.
 15592 | D:11     | Noticed tennessine's ghost (journeyman HaAs)
 15593 | D:11     | Noticed Tartanist's ghost (journeyman HOFi)
 15594 | D:11     | Noticed guttsta's ghost (journeyman VSAs)
 15691 | D:11     | Killed an unseen horror
 15847 | D:11     | Noticed a white ugly thing
 15864 | D:11     | Killed a white ugly thing
 16605 | D:11     | Found a staircase to the Lair.
 17122 | D:11     | Noticed strelocc's ghost (journeyman FoBe)
 17122 | D:11     | Noticed chimenez's ghost (journeyman TrBe)
 17165 | D:11     | Killed chimenez's ghost
 17460 | D:10     | Killed strelocc's ghost
 17479 | D:10     | Killed guttsta's ghost
 17737 | D:10     | Banished Tartanist's ghost
 18041 | D:11     | Banished tennessine's ghost
 18041 | D:11     | Reached XP level 12. HP: 8/97 MP: 18/18
 18517 | Lair:1   | Entered Level 1 of the Lair of Beasts
 19162 | D:11     | HP: 4/97 [crocodile (8)]
 20287 | Lair:2   | HP: 5/100 [poisoned by a spiny frog]
 20287 | Lair:2   | HP: 1/100 [crocodile (4)]
 21017 | Lair:2   | Noticed a five-headed hydra
 21053 | Lair:2   | HP: 2/100 [crocodile (5)]
 21054 | Lair:2   | Slain by a five-headed hydra

Skill      XL: |  1  2  3  4  5  6  7  8  9 10 11 12 |
---------------+-------------------------------------+-----
Axes           | 2 3 4 5 7 8 9 |  9.7
Dodging        | 1 2 3 4 5 6 |  6.3
Armour         | 2 3 4 5 6 7 8 |  8.8
Shields        | 1 2 3 4 |  4.4
Invocations    | 3 4 6 7 8 9 |  9.2
Fighting       | 4 5 6 7 |  7.1
Throwing       | 1 |  1.4

Action                   |  1- 3 |  4- 6 |  7- 9 | 10-12 || total
-------------------------+-------+-------+-------+-------++-------
Melee: Hand axe          |    85 |    76 |       |       ||   161
       Kick              |    21 |    40 |   114 |   224 ||   399
       War axe           |       |    94 |   411 |   786 ||  1291
Throw: Tomahawk          |       |       |     5 |    18 ||    23
Invok: Depart the Abyss  |     1 |       |       |       ||     1
       Banish            |       |       |       |     8 ||     8
  Use: Potion            |     1 |     3 |       |    10 ||    14
       Scroll            |     4 |     4 |    11 |    17 ||    36
  Eat: Chunk             |     1 |     1 |    15 |    25 ||    42
       Ration            |       |     2 |       |     3 ||     5
Armor: Plate armour      |    62 |   162 |   250 |   534 ||  1008
Dodge: Dodged            |     9 |     6 |    70 |   198 ||   283
Block: Shield            |    20 |    70 |   150 |   404 ||   644
